AoeStats
← mahan13138141

Nomad

510424774Analyzed
2v2 RM · 2d ago on Oct 1, 2026· 26m 18s· 4 players
Game mode
Random Map
Map size
176×176
Population
200
Speed
Normal
Resources
Standard
Victory
Conquest
Starting age
Dark Age
Ending age
Imperial Age
RankedLock teamsTeams togetherTeam positionsShared explorationLock speedFull tech treeHidden civsTurbo modeCheats
Victory
Defeat
🇧🇪 Malians · Belgium
894
+20
🇺🇸 Vikings · United States
876
+20
🇺🇸 Portuguese · United States
1045
-76
🇺🇸 Vikings · United States
902
-38
Zarathustra
3:24 Loom
13:58 Feudal Age
14:32 Fishing Lines
16:12 Double-Bit Axe
17:55 Wheelbarrow
22:06 Castle Age
21:03 Stone Mining
23:11 Bow Saw
23:37 Town Watch
23:46 Gillnets
26:24 Scale Barding Armor
recentbutdecent
16:34 Feudal Age
18:25 Double-Bit Axe
23:27 Castle Age
24:17 Arson
24:33 Squires
25:41 Scale Mail Armor
25:52 Forging
FAZE RADIN
6:23 Loom
15:14 Feudal Age
16:42 Double-Bit Axe
24:06 Gold Mining
24:07 Stone Mining
mahan13138141
23:02 Feudal Age
23:33 Double-Bit Axe
23:31 Horse Collar
23:45 Stone Mining
23:55 Loom
24:48 Wheelbarrow
24:05 Town Watch
Connection lost

Rejoining the realm…

Still unreachable

The connection could not be restored.

Session expired

The server has moved on; the page needs a fresh start.